Map: Rifts to Korhal

Players

Roy

  • Race: Protoss Protoss
  • Spawn Location: 7:00

Gednahd

  • Race: Terran Terran

VOD

Have the link to the VOD?

Description

Time

  • Played on: Nov. 12, 2019, 12:49 a.m.
  • Length: 25:00
Show
View Real Time Build Order
Export as new Build Order

Roy Protoss 

Build Orders:  

Get SALT Encoding   

  12  0:02  Probe (Chrono Boost)  
  13  0:16  Probe (Chrono Boost)  
  14  0:30  Probe (Chrono Boost)  
  14  0:33  Assimilator  
  15  0:44  Probe (Chrono Boost)  
  16  0:57  Assimilator  
  16  0:58  Probe (Chrono Boost)  
  17  1:12  Probe (Chrono Boost)  
  17  1:13  Pylon  
  18  1:26  Probe (Chrono Boost)  
  19  1:40  Probe (Chrono Boost)  
  20  1:53  Probe (Chrono Boost)  
  21  2:07  Probe (Chrono Boost)  
  22  2:21  Probe (Chrono Boost)  
  22  2:23  Stargate  
  22  2:29  Fleet Beacon  
  23  2:35  Probe (Chrono Boost), Cybernetics Core  
  23  2:38  Cybernetics Core  
  24  2:44  Stargate  
  24  2:47  Stargate  
  24  2:51  Stargate  
  24  2:53  Forge  
  24  3:00  Probe (Chrono Boost)  
  24  3:07  Pylon  
  25  3:14  Probe (Chrono Boost)  
  26  3:24  Scout  
  26  3:28  Probe (Chrono Boost)  
  30  3:32  Mojo's A.I. Personality  
  30  3:44  Probe (Chrono Boost)  
  31  3:58  Probe (Chrono Boost)  
  32  4:12  Probe (Chrono Boost)  
  33  4:25  Probe (Chrono Boost)  
  33  4:29  Protoss Air Weapons Level 1, Protoss Air Armor Level 1  
  34  4:32  Clolarion's A.I. Personality  
  34  4:34  Scout  
  34  4:39  Probe (Chrono Boost)  
  38  4:50  Scout  
  41  5:25  Nexus  
  41  5:31  Assimilator  
  41  5:37  Probe (Chrono Boost)  
  42  5:44  Purifier Armaments  
  42  5:51  Probe (Chrono Boost)  
  43  6:01  Assimilator  
  43  6:07  Pylon  
  43  6:33  Carrier  
  49  6:44  Probe (Chrono Boost)  
  50  6:52  Robotics Facility  
  50  6:57  Probe (Chrono Boost)  
  51  7:11  Probe (Chrono Boost)  
  51  7:14  A Strong Heart  
  51  7:15  Probe (Chrono Boost)  
  53  7:24  Observation Protocol  
  53  7:25  Probe (Chrono Boost)  
  53  7:29  Probe (Chrono Boost)  
  55  7:39  Probe (Chrono Boost)  
  55  7:42  Probe (Chrono Boost)  
  55  7:44  Protoss Air Weapons Level 2  
  55  7:45  Protoss Air Armor Level 2  
  57  7:53  Probe (Chrono Boost)  
  57  7:56  Probe (Chrono Boost)  
  59  8:06  Carrier  
  65  8:10  Probe (Chrono Boost)  
  65  8:12  Probe (Chrono Boost)  
  67  8:20  Combat Sensor Array  
  67  8:24  Probe (Chrono Boost)  
  67  8:26  Probe (Chrono Boost)  
  69  8:39  Protoss Shields Level 1  
  57  9:20  Suppression Procedure, Observer  
  69  9:28  Pylon  
  70  9:30  Pylon  
  70  9:32  Pylon, Probe (Chrono Boost)  
  70  9:36  Pylon  
  70  9:38  Pylon  
  71  9:40  Pylon  
  71  9:41  Pylon  
  71  9:44  Pylon  
  71  9:46  Probe (Chrono Boost), Carrier  
  71  9:48  Pylon  
  71  9:49  Observer  
  79  10:07  Carrier  
  79  10:09  Scout  
  88  10:18  Scout  
  88  10:19  Observer  
  92  10:20  Interdictors  
  92  10:22  Protoss Air Weapons Level 3  
  92  10:30  Protoss Air Armor Level 3  
  92  11:50  Graviton Catapult  
  92  12:31  Twilight Council  
  92  12:40  Pylon  
  92  12:42  Pylon  
  92  12:45  Pylon  
  92  12:47  Pylon  
  92  12:49  Pylon  
  92  12:54  Pylon  
  92  12:59  Scout  
  95  13:00  Scout x3  
  104  13:29  Scout x2  
  107  13:30  Scout x2  
  116  13:45  Carrier  
  116  13:46  Carrier  
  128  14:01  Carrier x2  
  140  14:20  Stargate  
  140  14:21  Stargate  
  140  14:24  Stargate  
  140  14:27  Protoss Shields Level 2  
  140  14:28  Stargate  
  140  14:32  Stargate  
  140  15:23  Carrier  
  140  15:28  Carrier  
  140  15:37  Scout x5  
  164  17:09  Scout  
  104  17:10  Scout x5  
  167  17:13  Carrier  
  182  18:39  Carrier x2  
  194  18:40  Carrier  
  194  18:53  Protoss Shields Level 3  
  197  22:12  Scout  
Show
View Real Time Build Order
Export as new Build Order

Gednahd Terran 

Build Orders:  

Get SALT Encoding   

  12  0:05  Starport Tech Lab  
  12  0:08  SCV  
  13  0:25  SCV  
  13  0:26  Supply Depot  
  15  0:42  SCV  
  15  0:43  Refinery  
  16  1:01  SCV  
  16  1:18  SCV  
  16  1:19  Assault Galleon  
  17  1:35  SCV  
  18  1:49  Refinery  
  19  1:52  SCV  
  19  2:09  SCV  
  20  2:26  SCV  
  21  2:35  Armory  
  23  2:40  Hellion  
  25  2:50  Hellion  
  25  2:56  SCV  
  28  3:00  Hellion  
  29  3:13  SCV  
  30  3:30  SCV  
  30  3:35  Supply Depot  
  30  3:42  Supply Depot  
  30  3:47  SCV  
  32  4:10  SCV  
  32  4:27  SCV  
  33  4:39  Command Center  
  34  4:44  SCV  
  34  4:53  Horner Weapons Level 1  
  34  4:58  Fusion Core  
  35  5:01  SCV  
  37  5:20  Assault Galleon  
  37  6:08  Strike Fighter Platform  
  38  6:21  SCV  
  38  6:29  Engineering Bay  
  45  6:44  SCV  
  45  6:48  Refinery  
  45  6:51  Drone Hangar x2  
  46  7:00  Theia Raven  
  46  7:01  SCV  
  48  7:18  SCV  
  49  7:35  SCV  
  49  7:52  SCV  
  49  8:18  SCV  
  49  8:19  Refinery  
  51  8:34  SCV  
  51  8:35  SCV  
  52  8:49  Assault Galleon  
  54  8:51  SCV  
  54  8:52  SCV  
  54  8:54  Assault Galleon  
  54  9:08  SCV  
  54  9:09  SCV  
  56  9:25  SCV  
  56  9:26  SCV  
  58  9:30  Asteria Wraith  
  58  9:36  Hellion  
  58  9:37  Hellion  
  71  9:42  SCV  
  71  9:45  Horner Armor Level 1  
  71  9:46  Hellion  
  71  9:47  Hellion  
  75  9:53  Tar Bombs  
  75  9:56  Hellion  
  77  10:12  Supply Depot  
  78  10:34  SCV  
  78  10:42  Hellion  
  78  10:44  Supply Depot  
  87  10:51  SCV  
  87  10:56  Aerosol Stim Emitters  
  87  11:03  Unregistered Cloak System  
  87  11:07  Drone Hangar x2  
  87  11:08  SCV  
  88  11:15  Supply Depot  
  88  11:25  SCV  
  90  11:42  SCV  
  90  11:46  Supply Depot  
  80  12:06  Multi-Threaded Sensors  
  80  12:07  Hellion x2  
  80  12:08  Hellion x2  
  84  12:17  Hellion x2, Supply Depot  
  84  12:18  Hellion x2  
  92  12:27  Hellion x2  
  92  12:28  Hellion  
  98  12:34  Horner Weapons Level 2  
  98  12:49  Supply Depot  
  98  13:08  Overcharged Reactor  
  98  13:21  Supply Depot  
  91  14:01  Assault Galleon  
  91  14:07  Assault Galleon  
  91  14:11  Napalm Payload  
  103  14:33  Strike Fighter Platform  
  105  15:05  Strike Fighter Platform  
  111  15:30  Drone Hangar x2  
  111  15:38  Strike Fighter Platform  
  111  15:42  Trigger Override  
  111  15:44  Horner Armor Level 2  
  111  16:04  Hellion  
  111  16:05  Hellion x2  
  117  16:12  Strike Fighter Platform  
  117  16:13  Hellion x2  
  117  16:14  Hellion  
  117  16:15  Hellion x2  
  127  16:22  Hellion x2  
  127  16:24  Hellion  
  127  16:25  Hellion x2  
  137  16:32  Hellion x2  
  137  16:34  Hellion  
  137  16:35  Hellion x2  
  147  16:42  Hellion x2  
  147  16:43  Strike Fighter Platform  
  147  16:44  Hellion  
  147  16:45  Hellion x2  
  157  17:17  Strike Fighter Platform  
  157  17:51  Strike Fighter Platform  
  149  19:03  Horner Weapons Level 3  
  149  19:18  Sovereign Battlecruiser  
  149  19:19  Sovereign Battlecruiser  
  169  19:22  Asteria Wraith  
  177  19:34  Supply Depot  
  177  19:56  Hellion  
  177  19:57  Hellion x4  
  187  20:06  Hellion  
  187  20:07  Hellion x4  
  199  20:21  Hellion  
  189  20:31  Hellion  
  177  20:41  Hellion  
  175  22:56  Sovereign Battlecruiser  
  175  22:59  Asteria Wraith  
  165  23:53  Hellion x5  
  157  24:03  Hellion x5  
  163  24:12  Hellion  
  163  24:13  Hellion x4  
  169  24:22  Hellion  
  169  24:23  Hellion x4  
  169  24:32  Hellion  
  169  24:33  Hellion x4  
Tags
 
Add a new tag
Caveats
  • Supply blocks, unpowered buildings, or Contaminate may cause inaccurate times.
  • Supply counts are checked every 10 seconds.